 Dungeon Crawl Stone Soup version 0.22.1-1-ga44c0e5 (webtiles) character file.

3946 Slumpfather the Fighter (level 10, -7/85 HPs)
             Began as a Merfolk Skald on Nov 2, 2018.
             Was a Priest of Makhleb.
             Mangled by an unseen horror (9 damage)
             ... on level 10 of the Dungeon on Nov 3, 2018.
             The game lasted 00:28:15 (8825 turns).

Slumpfather the Fighter (Merfolk Skald)             Turns: 8825, Time: 00:28:15

Health: -7/85      AC:  9    Str: 12    XL:     10   Next: 21%
Magic:  18/19      EV: 16    Int: 13    God:    Makhleb [***...]
Gold:   250        SH:  0    Dex: 16    Spells: 15/21 levels left

rFire    . . .     SeeInvis .   o - +3 hunting sling
rCold    . . .     Gourm    .   (no shield)
rNeg     . . .     Faith    .   b - +1 leather armour
rPois    +         Spirit   .   (no helmet)
rElec    .         Reflect  .   j - +1 cloak
rCorr    .         Harm     .   f - +2 pair of gloves
MR       .....                  (no boots)
Stlth    ++........             g - amulet of rage
HPRegen  0.24/turn              n - ring of stealth
MPRegen  0.16/turn              w - ring of poison resistance

@: about to teleport, very slightly contaminated
A: change form in water, swift swim, stealthy swim
a: Minor Destruction, Lesser Servant of Makhleb, Renounce Religion, Evoke
Berserk Rage


You were on level 10 of the Dungeon.
You worshipped Makhleb.
Makhleb was most pleased with you.
You were not hungry.

You visited 2 branches of the dungeon, and saw 11 of its levels.
You also visited: Sewer.

You collected 250 gold pieces.

Inventory:

Hand Weapons
 k - the +8 falchion of Chance {protect, *Noise rElec rF+ Int+7}
   (You found it in a sewer)

   It protects the one who uses it against injury (+AC on strike).
   It affects your intelligence (+7).
   It protects you from fire.
   It insulates you from electricity.
   It may make noises in combat.
 m - a +1 trident
 o - a +3 hunting sling (weapon)
 A - a +1 rapier of freezing
 B - a +0 halberd
Missiles
 l - 2 throwing nets
 r - 20 sling bullets (quivered)
Armour
 b - a +1 leather armour (worn)
 f - a +2 pair of gloves (worn)
 j - a +1 cloak (worn)
 p - a +0 ring mail
Jewellery
 g - an amulet of rage (around neck)
 n - a ring of stealth (left hand)
 s - an uncursed ring of fire
 w - a ring of poison resistance (right hand)
Scrolls
 e - 4 scrolls of teleportation
 i - 3 scrolls of remove curse
 q - a scroll of immolation
 v - 2 scrolls of amnesia
 y - 4 scrolls of magic mapping
Potions
 a - a potion of curing
 h - a potion of berserk rage {unknown}
 t - a potion of cancellation {unknown}
 u - a potion of agility {unknown}
 z - a potion of mutation {unknown}
Comestibles
 d - 15 rations


   Skills:
 + Level 9.8 Fighting
 - Level 6.0 Polearms
 - Level 0.6 Armour
 + Level 7.4 Dodging
 - Level 6.1 Spellcasting
 - Level 5.8 Charms
 - Level 3.0 Necromancy
 - Level 3.5 Evocations


You had 15 spell levels left.
You knew the following spells:

 Your Spells              Type           Power        Failure   Level  Hunger
a - Infusion              Chrm           ###.         1%          1    None
b - Shroud of Golubria    Chrm/Tloc      ##........   10%         2    ##.....
c - Regeneration          Chrm/Necr      ###.......   11%         3    ###....

Your spell library contained the following spells:

 Spells                   Type           Power        Failure   Level  Hunger
 Song of Slaying          Chrm           ###.....     3%          2    ##.....
 Spectral Weapon          Hex/Chrm       ##......     19%         3    ###....


Dungeon Overview and Level Annotations

Branches:
Dungeon (10/15)            Temple (1/1) D:4
   Lair: D:8-11         Orc: D:9-12

Altars:
Ashenzari
Cheibriados
Dithmenos
Elyvilon
Fedhas
Kikubaaqudgha
Makhleb
Nemelex Xobeh
Qazlal
Ru
Sif Muna
Trog
Vehumet
Wu Jian
Xom
Yredelemnul
Zin
The Shining One

Annotations:
D:6 Menkaure
D:8 2 transporters, buskinjo's ghost, novice DrGl


Message History

Something hits you but does no damage.
You see here an arrow.
Something barely misses you. Something hits you but does no damage.
Something hits you.
* * * LOW HITPOINT WARNING * * *
Something hits you.
* * * LOW HITPOINT WARNING * * *
Something barely misses you.
Wield which item (- for none, * to show all)? (? for menu, Esc to quit)
Okay, then.
As you read the scroll of teleportation, it crumbles to dust.
You feel strangely unstable. Something hits you.
* * * LOW HITPOINT WARNING * * *
Something hits you!
* * * LOW HITPOINT WARNING * * *
Something hits you.
* * * LOW HITPOINT WARNING * * *
Something hits you!
You die...

#...# #...# #.(.# #...#
#)).####...#####
#..#######(...............
#.......((................
#.##########........######
#..###...# #..# #...# #.@#
#...# #..###...# .....
..... #............
#...####.%. #... #.$# #...
#..# #... #..# #.<#


There were no monsters in sight!

Vanquished Creatures
  3 centaur zombies
  A spriggan (D:8)
  Duvessa (D:5)
  4 orc warriors
  2 black bears (D:8)
  2 ogres
  3 centaurs
  A big kobold (D:7)
  2 bullfrogs
  A wyvern zombie (D:7)
  Dowan (D:5)
  2 scorpions (D:8)
  12 killer bees
  3 howler monkeys
  3 crimson imps
  2 bullfrog zombies
  5 hounds
  2 jellies
  2 orc priests
  A centaur skeleton (D:8)
  A bullfrog skeleton (D:7)
  7 orc wizards
  5 iguanas
  6 worker ants
  A hound zombie (D:7)
  A worker ant zombie (D:7)
  4 gnolls (D:8)
  12 adders
  A shadow imp (D:5)
  An ooze (D:1)
  4 adder skeletons
  2 adder zombies (D:8)
  3 worms
  A dart slug (D:1)
  7 leopard geckos
  26 orcs
  13 giant cockroaches
  7 goblins
  10 hobgoblins
  6 jackals
  7 kobolds
  A quokka (D:5)
  3 ball pythons
  4 bats
  12 frilled lizards
  A jackal skeleton (D:4)
  8 rats
207 creatures vanquished.

Notes
Turn   | Place    | Note
-------+----------+-------------------------------------------
     0 | D:1      | Slumpfather the Merfolk Skald began the quest for the Orb.
     0 | D:1      | Reached XP level 1. HP: 16/16 MP: 3/3
   126 | D:1      | Reached XP level 2. HP: 15/22 MP: 5/5
   527 | D:1      | Reached skill level 5 in Polearms
   527 | D:1      | Reached XP level 3. HP: 23/27 MP: 6/6
  1158 | D:2      | Learned a level 2 spell: Shroud of Golubria
  1162 | D:2      | Learned a level 3 spell: Regeneration
  1190 | D:2      | Reached XP level 4. HP: 34/34 MP: 7/7
  1606 | D:3      | Reached skill level 3 in Fighting
  1769 | D:3      | Found a shadowy altar of Dithmenos.
  1769 | D:3      | Found a bloodstained altar of Trog.
  1769 | D:3      | Found a blossoming altar of Fedhas.
  1885 | D:3      | Found a glowing drain.
  1892 | Sewer    | Entered a sewer
  2011 | Sewer    | Reached XP level 5. HP: 42/42 MP: 4/8
  2169 | Sewer    | Reached skill level 4 in Fighting
  2240 | Sewer    | Got a pitted falchion
  2285 | D:3      | Reached skill level 5 in Fighting
  2285 | D:3      | Reached XP level 6. HP: 29/51 MP: 4/9
  2761 | D:3      | Found a glowing silver altar of Zin.
  2972 | D:4      | Identified the +8 falchion of Chance {protect, *Noise rElec
                  | rF+ Int+7} (You found it in a sewer)
  3210 | D:4      | Reached skill level 6 in Fighting
  3601 | D:4      | Found a staircase to the Ecumenical Temple.
  3610 | Temple   | Entered the Ecumenical Temple
  3746 | Temple   | Became a worshipper of Makhleb the Destroyer
  4000 | D:4      | Reached XP level 7. HP: 54/59 MP: 7/10
  4132 | D:5      | Entered Level 5 of the Dungeon
  4177 | D:5      | Reached skill level 1 in Evocations
  5004 | D:6      | Noticed Menkaure
  5223 | D:5      | Noticed Duvessa
  5236 | D:5      | Killed Duvessa
  5278 | D:5      | Reached XP level 8. HP: 65/65 MP: 11/11
  5313 | D:5      | Noticed Dowan
  5329 | D:5      | Reached skill level 5 in Charms
  5337 | D:5      | Killed Dowan
  5897 | D:7      | Reached skill level 5 in Spellcasting
  5904 | D:7      | Reached * piety under Makhleb
  6286 | D:7      | Reached XP level 9. HP: 67/71 MP: 14/18
  6394 | D:7      | Found a sacrificial altar of Ru.
  7034 | D:7      | Found a sparkling altar of Nemelex Xobeh.
  7197 | D:7      | Reached skill level 1 in Necromancy
  7305 | D:8      | Found a transporter.
  7307 | D:8      | Found a transporter.
  7308 | D:8      | Noticed buskinjo's ghost (novice DrGl)
  7361 | D:8      | Reached skill level 7 in Fighting
  7365 | D:8      | Reached ** piety under Makhleb
  7365 | D:8      | Reached skill level 5 in Dodging
  7408 | D:8      | Reached skill level 8 in Fighting
  7938 | D:8      | Reached skill level 9 in Fighting
  8035 | D:8      | Reached XP level 10. HP: 83/83 MP: 13/19
  8221 | D:8      | Reached *** piety under Makhleb
  8534 | D:10     | Entered Level 10 of the Dungeon
  8804 | D:10     | Noticed a two-headed ogre
  8805 | D:10     | Noticed a two-headed ogre
  8823 | D:10     | HP: 3/85 [something (7)]
  8824 | D:10     | HP: 1/85 [something (2)]
  8825 | D:10     | Mangled by an unseen horror

Skill      XL: |  1  2  3  4  5  6  7  8  9 10 |
---------------+-------------------------------+-----
Polearms       | 4 5 6 |  6.0
Fighting       | 3 5 6 9 |  9.8
Evocations     | 3 |  3.5
Charms         | 4 5 |  5.8
Spellcasting   | 6 |  6.1
Dodging        | 6 7 |  7.4
Necromancy     | 3 |  3.0
Armour         | |  0.6

Action                   |  1- 3 |  4- 6 |  7- 9 | 10-12 || total
-------------------------+-------+-------+-------+-------++-------
Melee: Spear             |   126 |   153 |    35 |       ||   314
       Tailslap          |       |     3 |       |       ||     3
       Falchion          |       |    17 |   220 |    44 ||   281
       Trident           |       |       |     7 |       ||     7
       Rapier            |       |       |     1 |       ||     1
 Fire: Hunting sling     |       |    43 |    42 |    18 ||   103
Throw: Throwing net      |       |       |     2 |       ||     2
 Cast: Infusion          |     4 |    16 |    20 |     3 ||    43
       Shroud of Golubri |     1 |     1 |     5 |     2 ||     9
       Regeneration      |       |       |     3 |     3 ||     6
 Abil: Evoke Berserk Rag |       |       |     6 |     1 ||     7
  Use: Potion            |     1 |       |     2 |     2 ||     5
       Scroll            |       |    11 |     7 |     6 ||    24
 Stab: Sleeping          |     1 |     2 |     2 |       ||     5
  Eat: Chunk             |     1 |     3 |       |       ||     4
       Ration            |       |     3 |     6 |       ||     9
Armor: Leather armour    |    20 |    44 |   116 |    53 ||   233
Dodge: Dodged            |    61 |   124 |   195 |   124 ||   504
       Rpst.: Falchion   |       |     5 |    55 |    26 ||    86
